Map: Stasis LE

Players

Odin

  • Race: Terran Terran
  • League: Gold
  • Spawn Location: 1:00

keyser - Winner!

  • Race: Terran Terran
  • League: Gold
  • Spawn Location: 11:00

VOD

Have the link to the VOD?

Description

Time

  • Played on: Dec. 16, 2018, 5:10 a.m.
  • Length: 16:42
Show
View Real Time Build Order
Export as new Build Order

Odin Terran 

Build Orders:  

Get SALT Encoding   

  12  0:03  SCV  
  13  0:15  SCV  
  14  0:23  Supply Depot  
  14  0:27  SCV  
  15  0:41  Supply Depot  
  15  0:44  SCV  
  16  0:50  Barracks  
  16  0:58  SCV  
  17  1:11  SCV  
  18  1:12  Engineering Bay  
  18  1:18  Refinery  
  18  1:32  Supply Depot  
  18  1:59  Marine  
  19  2:12  Refinery x2  
  19  2:19  Command Center  
  19  2:32  SCV  
  20  2:48  SCV  
  21  3:04  Barracks  
  21  3:12  Hi-Sec Auto Tracking  
  21  3:14  Orbital Command  
  21  3:57  SCV  
  22  4:03  Factory  
  22  4:15  Planetary Fortress  
  20  5:20  SCV  
  21  5:23  Starport  
  21  5:24  Factory Tech Lab  
  21  5:25  Barracks Tech Lab  
  21  5:26  Barracks Tech Lab  
  21  5:32  SCV  
  22  5:45  SCV  
  22  5:47  Command Center  
  22  5:48  Siege Tank  
  26  5:51  Marauder  
  26  5:52  Marauder  
  26  5:55  Stimpack  
  31  5:57  SCV  
  31  5:59  Starport Reactor  
  31  6:16  SCV  
  32  6:28  SCV, Siege Tank  
  35  6:51  Marine x2  
  37  7:06  Siege Tank  
  40  7:09  Marine x2  
  40  7:14  Raven  
  44  7:27  Marine x2  
  46  7:42  Cyclone  
  49  7:44  Marine, Orbital Command  
  49  7:45  Marine  
  49  7:46  SCV  
  51  7:58  SCV  
  51  8:00  Combat Shield  
  52  8:10  SCV  
  53  8:15  Marine x2  
  53  8:18  Marauder  
  57  8:22  SCV  
  57  8:25  Barracks  
  58  8:32  Marine  
  58  8:33  Marine  
  55  8:34  SCV  
  51  8:43  Marauder  
  51  8:48  Raven  
  53  8:49  Siege Tank  
  53  8:50  Marine x2  
  58  9:04  Marauder  
  48  9:23  Siege Tank  
  49  9:25  Marauder, Barracks Reactor  
  51  9:47  Marauder  
  51  9:48  Starport Reactor  
  53  9:58  Marine x2  
  55  10:08  Marine  
  56  10:15  Marine  
  56  10:16  Marine  
  58  10:25  Marine x3  
  61  10:33  Marine  
  61  10:34  Supply Depot  
  62  10:36  Supply Depot  
  62  10:55  Marine x4, Medivac x2  
  70  10:57  Marine  
  70  10:58  Concussive Shells  
  70  11:00  Cyclone  
  74  11:13  Marine x3  
  74  11:15  Marine  
  78  11:31  Marine x2, Medivac x2  
  84  11:51  Marauder  
  84  11:52  Marine x4  
  90  11:56  Siege Tank  
  93  12:03  Engineering Bay  
  93  12:05  Engineering Bay  
  93  12:08  SCV  
  94  12:20  Supply Depot  
  94  12:21  Supply Depot  
  94  12:42  SCV x2  
  96  12:48  Factory  
  96  12:49  Banshee  
  99  13:07  Refinery  
  99  13:18  Terran Infantry Weapons Level 1, Terran Infantry Armor Level 1  
  99  13:38  Marine x4, Marauder  
  104  13:56  Marine x4  
  104  13:59  Marauder  
  107  14:14  Marine x4  
  105  14:20  Marauder  
  107  14:24  Starport  
  107  14:26  Starport  
  107  14:31  Marine  
  107  14:32  Marine x2  
  107  14:38  Marine  
  111  14:41  Supply Depot  
  111  14:42  Marauder  
  111  14:44  Supply Depot  
  113  14:46  Supply Depot  
  113  14:52  Supply Depot  
  109  15:03  Marauder, Viking x2  
  109  15:04  Viking  
  81  15:48  Marine x4  
  67  16:01  Viking  
  69  16:06  Marine x4  
  63  16:21  Missile Turret  
  63  16:22  Missile Turret  
  63  16:23  Marine, Missile Turret  
  63  16:24  Marine x3  
Show
View Real Time Build Order
Export as new Build Order

keyser Terran - Winner!

Build Orders:  

Get SALT Encoding   

  12  0:01  SCV  
  13  0:15  SCV  
  13  0:18  Supply Depot  
  14  0:28  SCV  
  15  0:42  Barracks  
  15  0:44  SCV  
  15  0:46  Refinery  
  16  0:56  SCV  
  17  1:08  SCV  
  18  1:22  SCV  
  19  1:41  Marine  
  19  1:43  Orbital Command  
  20  1:50  Factory  
  20  2:02  Supply Depot  
  20  2:09  SCV  
  20  2:13  Marine  
  22  2:23  Command Center  
  22  2:29  SCV  
  23  2:40  Starport  
  23  2:42  Marine  
  24  2:55  SCV  
  25  2:59  Marine  
  25  3:00  Refinery  
  26  3:07  Factory Tech Lab, SCV  
  27  3:22  Barracks  
  27  3:26  SCV  
  28  3:27  Barracks Reactor  
  28  3:36  Orbital Command  
  28  3:38  SCV  
  29  3:42  Cyclone  
  29  3:44  Starport Reactor  
  29  3:46  Starport Tech Lab  
  32  3:50  SCV  
  33  4:02  SCV  
  33  4:06  Marine  
  35  4:12  Viking  
  35  4:14  SCV  
  35  4:15  SCV  
  35  4:16  Marine  
  40  4:26  SCV  
  41  4:34  Siege Tank  
  44  4:39  Marine  
  45  4:54  Viking  
  42  5:22  Barracks Tech Lab  
  42  5:23  Siege Tank  
  45  5:48  Supply Depot  
  45  5:49  Supply Depot  
  45  5:51  Supply Depot  
  45  5:55  Marine  
  46  5:58  Combat Shield  
  46  6:09  Marine x2, Raven  
  50  6:13  Marine  
  51  6:27  Marine x2  
  51  6:30  Marine  
  51  6:31  SCV x2  
  56  6:33  Refinery  
  56  6:35  Refinery  
  56  6:45  Marine x2  
  58  6:48  Marine  
  59  7:03  Marine x2  
  61  7:10  Siege Tank  
  61  7:11  Medivac  
  66  7:16  Supply Depot x2  
  66  7:17  Supply Depot  
  66  7:20  Marine x2  
  66  7:21  Marine  
  69  7:30  SCV  
  69  7:34  SCV  
  71  7:37  Marine  
  71  7:38  Marine x2  
  71  7:40  Command Center, Supply Depot x2  
  71  7:42  Siege Tank, Supply Depot, SCV  
  78  7:45  Medivac  
  78  7:46  SCV  
  81  7:54  SCV  
  81  7:55  Marine  
  81  7:56  Marine x2  
  81  8:13  Marine  
  82  8:20  Marine x2  
  82  8:22  Siege Tank  
  83  8:31  Marine  
  73  8:37  Marine  
  73  8:38  Marine  
  69  8:49  Marine  
  69  8:54  Siege Tank  
  72  8:55  Marine x2  
  74  9:07  Marine  
  72  9:13  Marine x2  
  68  9:24  Marine  
  68  9:27  Siege Tank  
  68  9:31  Marine x2  
  74  9:38  Liberator  
  74  9:39  Refinery  
  74  9:42  Marine  
  75  9:49  Marine x2  
  77  9:59  Siege Tank  
  83  10:00  Marine  
  83  10:01  Stimpack  
  83  10:04  Orbital Command  
  83  10:05  SCV x2  
  83  10:07  Marine x2  
  86  10:11  Supply Depot  
  88  10:14  Supply Depot x2  
  88  10:17  SCV x2  
  88  10:18  Marine  
  88  10:19  Fusion Core  
  91  10:21  Liberator  
  91  10:24  Marine x2  
  93  10:29  SCV x2, Engineering Bay  
  93  10:31  Armory, Siege Tank  
  93  10:33  SCV  
  93  10:35  Supply Depot  
  99  10:36  Marine  
  99  10:37  Supply Depot  
  99  10:39  Refinery  
  99  10:41  SCV x2  
  99  10:42  Marine  
  105  10:45  SCV  
  105  10:48  Marine  
  108  10:53  Marine, SCV  
  110  11:00  Marine  
  110  11:03  Siege Tank  
  114  11:04  Liberator  
  114  11:05  Marine  
  115  11:14  Command Center  
  115  11:16  Advanced Ballistics  
  117  11:35  Siege Tank  
  120  11:47  Liberator  
  123  12:21  SCV  
  123  12:22  SCV x2  
  126  12:26  Orbital Command  
  126  12:30  Marine x3  
  126  12:33  SCV  
  126  12:34  SCV x2  
  132  12:45  SCV, Starport  
  132  12:46  Starport  
  132  12:48  Marine x3, SCV, Starport  
  137  12:53  Refinery  
  137  12:56  Refinery, SCV x2  
  137  12:58  SCV  
  140  13:00  SCV  
  141  13:05  Marine x2  
  141  13:06  Marine  
  141  13:07  Supply Depot  
  141  13:10  SCV  
  141  13:12  SCV  
  146  13:21  Starport Tech Lab  
  146  13:22  SCV  
  146  13:23  Marine x3, Starport Tech Lab  
  146  13:24  SCV, Starport Tech Lab  
  151  13:30  Supply Depot  
  151  13:32  Battlecruiser  
  157  13:38  Terran Ship Weapons Level 1  
  157  13:39  Terran Infantry Weapons Level 1  
  157  13:41  Marine  
  157  13:44  Battlecruiser x2  
  157  13:45  Battlecruiser  
  147  14:29  SCV  
  148  14:36  Battlecruiser  
  154  14:39  Weapon Refit  
  154  14:41  SCV  
  152  14:49  Battlecruiser x3  
  170  14:53  SCV  
Tags
 
League
GoldGold
Matchup
TvT
Race
Terran
Spawn Locations
Close Positions
Add a new tag
Caveats
  • Supply blocks, unpowered buildings, or Contaminate may cause inaccurate times.
  • Supply counts are checked every 10 seconds.